 Dungeon Crawl Stone Soup version 0.16.1-4-g8e1b745 (webtiles) character file.

23 RobertPalmer the Cutter (level 3, -1/24 HPs)
             Began as an Octopode Warper on Mar 27, 2015.
             Slain by a goblin
             ... wielding a +0 club
              (3 damage)
             ... on level 1 of the Dungeon.
             The game lasted 00:00:46 (698 turns).

RobertPalmer the Cutter (Octopode Warper)            Turns: 698, Time: 00:00:47

Health: -1/24      AC:  1    Str: 10    XL:     3   Next: 0%
Magic:  6/6        EV: 12    Int: 15    God:
Gold:   13         SH:  0    Dex: 12    Spells: 1 memorised, 5 levels left

rFire  . . .     SeeInvis .     a - +0 short sword
rCold  . . .     Clarity  .     (no shield)
rNeg   . . .     SustAb   .     (helmet restricted)
rPois  .         Gourm    .     (no amulet)
rElec  .         Spirit   .     (no ring)
rCorr  .         Warding  .     (no ring)
rMut   .         Stasis   .     (no ring)
MR     .....                    (no ring)
Stlth  ++........               (no ring)
                                (no ring)
                                (no ring)
                                (no ring)

@: not resistant to hostile enchantments, unstealthy
A: almost no armour, amphibious, 8 rings, constrict 8, camouflage 1, gelatinous
body 1
a: no special abilities


You were on level 1 of the Dungeon.
You were not hungry.

You visited 1 branch of the dungeon, and saw 1 of its levels.

You collected 13 gold pieces.

Inventory:

Hand weapons
 a - a +0 short sword (weapon)
Missiles
 e - 5 tomahawks of dispersal {=f}
Armour
 b - a +0 large shield
   (You found it on level 1 of the Dungeon)
Scrolls
 d - a scroll of blinking {!r}
 g - a scroll of magic mapping {unknown}
 i - a scroll of enchant armour {unknown}
Potions
 h - a potion of agility {unknown}
Books
 c - a book of Spatial Translocations
Comestibles
 f - a bread ration {@e1}


   Skills:
 - Level 2.0 Fighting
 + Level 3.3 Short Blades
 - Level 1.0 Throwing
 - Level 2.3 Dodging
 - Level 2.0 Spellcasting
 - Level 3.0 Translocations


You had 5 spell levels left.
You knew the following spells:

 Your Spells              Type           Power        Failure   Level  Hunger
g - Apportation           Tloc           ##........   8%          1    #......


Dungeon Overview and Level Annotations

Branches:
Dungeon (1/15)

Altars:


Innate Abilities, Weirdness & Mutations

You cannot wear most types of armour.
You are amphibious.
You can wear up to eight rings at the same time.
You can use your tentacles to constrict many enemies at once.
Your skin changes colour to match your surroundings (Stealth).
Your rubbery body absorbs attacks (AC +1).


Message History

Things that are here:
a dagger; a kobold corpse You now have 13 gold pieces.
You see here a stone.
g - a scroll labeled KLUOMULUFU A ball python comes into view.
A ball python is nearby!
A ball python is nearby!
A ball python is nearby!
A bat and a rat come into view.
The rat bites you.
You take 1 damage, and have 18/19 hp.
You hit the rat.
You kill the rat!
You barely miss the bat. Your grab misses the bat. You squeeze the bat.
You kill the bat!
The ball python closely misses you. The ball python barely misses you.
You closely miss the ball python. Your grab misses the ball python.
Your squeeze misses the ball python. The ball python bites you.
The ball python closely misses you.
You take 1 damage, and have 17/19 hp.
You hit the ball python.
You kill the ball python!
No target in view!
No target in view!
h - an orange potion A hobgoblin comes into view.
It is wielding a club.
The hobgoblin shouts!
A rat comes into view.
Health restored: 19
There are monsters nearby!
There are monsters nearby!
There are monsters nearby!
Found a stone staircase leading down.
A giant newt comes into view.
The hobgoblin hits you with a club.
You take 5 damage, and have 14/19 hp.
MASSIVE DAMAGE!!
You hit the hobgoblin. You grab the hobgoblin. You constrict the hobgoblin.
The hobgoblin hits you with a club.
You take 1 damage, and have 13/19 hp.
You hit the hobgoblin.
You kill the hobgoblin!
The giant newt closely misses you.
Things that are here:
a club; a hobgoblin corpse You closely miss the giant newt.
Your grab misses the giant newt. The giant newt closely misses you.
You hit the rat. Your grab misses the rat.
The rat bites you but does no damage. The giant newt bites you.
You take 2 damage, and have 11/19 hp.
You are too injured to fight recklessly!
You are too injured to fight recklessly!
You are too injured to fight recklessly!
You closely miss the giant newt. Your grab misses the giant newt.
Your squeeze misses the giant newt. The rat bites you but does no damage.
The giant newt bites you.
You take 1 damage, and have 10/19 hp.
You miss the giant newt. Your grab misses the giant newt.
Your squeeze misses the giant newt. The rat closely misses you.
The giant newt bites you.
You take 1 damage, and have 9/19 hp.
You closely miss the giant newt. Your grab misses the giant newt.
The rat barely misses you. The giant newt bites you.
You take 3 damage, and have 6/19 hp.
You hit the giant newt.
You kill the giant newt!
The rat bites you.
* * * LOW HITPOINT WARNING * * *
You take 2 damage, and have 4/19 hp.
Unknown command.
You hit the rat.
You kill the rat!
You have reached level 3!
Your experience leads to an increase in your attributes!
Increase (S)trength, (I)ntelligence, or (D)exterity?
You feel agile.
MP restored: 6
i - a scroll labeled DOS SCHUSOTA You start resting.
A goblin comes into view. It is wielding a club.
A goblin is nearby!
A goblin is nearby!
Unknown command.
The goblin shouts!
You start resting.
A goblin is nearby!
Unknown command.
The goblin hits you with a club.
* * * LOW HITPOINT WARNING * * *
You take 1 damage, and have 7/24 hp.
The goblin hits you with a club.
* * * LOW HITPOINT WARNING * * *
You take 5 damage, and have 2/24 hp.
MASSIVE DAMAGE!!
You completely miss the goblin. Your grab misses the goblin.
The goblin barely misses you.
You closely miss the goblin. You grab the goblin. You constrict the goblin.
The goblin hits you with a club.
You die...

#.# #.#.... #.#
#.#.#..# #.#
#...#..# #.# #.###
.. #.# .. #.# ...
#.# ...
#.#############...
#@g........#.#.#.#
###########.).....
##...... #....(..
##...... .....>.
##...... .......
#.#.#.#


You could see a goblin.

Vanquished Creatures
  2 giant geckos (D:1)
  A giant cockroach (D:1)
  A hobgoblin (D:1)
  4 jackals (D:1)
  4 kobolds (D:1)
  A ball python (D:1)
  A bat (D:1)
  3 giant newts (D:1)
  2 goblins (D:1)
  3 rats (D:1)
22 creatures vanquished.

Notes
Turn   | Place    | Note
--------------------------------------------------------------
     0 | D:1      | RobertPalmer, the Octopode Warper, began the quest for the Orb.
     0 | D:1      | Reached XP level 1. HP: 14/14 MP: 3/3
   150 | D:1      | Reached XP level 2. HP: 6/19 MP: 4/4
   343 | D:1      | Reached skill level 3 in Short Blades
   659 | D:1      | HP: 4/19 [rat (2)]
   660 | D:1      | Reached XP level 3. HP: 5/24 MP: 6/6
   696 | D:1      | HP: 2/24 [goblin/club (5)]
   698 | D:1      | Slain by a goblin

Action                   || total
-------------------------++-------
Melee: Short sword       ||    45
 Stab: Sleeping          ||     3

Vault maps used:
D:1:      kilobyte_arrival_exit_the_forest, st_stairs_4, grunt_decor_arrowhead

Table legend:
 A = Turns spent in this place as a percentage of turns spent in the entire game.
 B = Non-inter-level travel turns spent in this place as a percentage of non-inter-level travel turns spent in the entire game.
 C = Inter-level travel turns spent in this place as a percentage of turns spent in this place.
 D = Turns resting spent in this place as a percentage of non-inter-level travel turns spent in this place.
 E = Turns spent auto-exploring this place as a percentage of non-inter-level travel turns spent in this place.
 F = Non-inter-level travel turns spent in this place divided by the number of levels of this place that you've seen.
                   A       B       C       D       E      F
               +-------+-------+-------+-------+-------+----------------------
         Total | 100.0 | 100.0 |   0.5 |   3.7 |   8.3 | 217.0
       Dungeon | 100.0 | 100.0 |   0.5 |   3.7 |   8.3 | 217.0
               +-------+-------+-------+-------+-------+----------------------

Table legend:
 A = Kills in this place as a percentage of kills in entire the game.
 B = Kills by you in this place as a percentage of kills by you in the entire game.
 C = Kills by friends in this place as a percentage of kills by friends in the entire game.
 D = Other kills in this place as a percentage of other kills in the entire game.
 E = Experience gained in this place as a percentage of experience gained in the entire game.
 F = Experience gained in this place divided by the number of levels of this place that you have seen.
                   A       B       C       D       E      F
               +-------+-------+-------+-------+-------+----------------------
         Total | 100.0 | 100.0 |  -nan |  -nan | 100.0 |  34.0
       Dungeon | 100.0 | 100.0 |  -nan |  -nan | 100.0 |  34.0
               +-------+-------+-------+-------+-------+----------------------
